 Dungeon Crawl Stone Soup version 0.21.1-1-g345015fe64 (webtiles) character file.

562 3rdEnemy the Archer (level 7, 0/60 HPs)
             Began as a Centaur Hunter on July 20, 2018.
             Slain by a bullfrog (5 damage)
             ... on level 5 of the Dungeon.
             The game lasted 00:14:41 (5008 turns).

3rdEnemy the Archer (Centaur Hunter)                Turns: 5008, Time: 00:14:42

Health: 0/60       AC:  6    Str: 17    XL:     7   Next: 10%
Magic:  7/7        EV:  9    Int: 10    God:
Gold:   155        SH:  0    Dex: 11    Spells: 6/6 levels left

rFire    + . .     SeeInvis .   s - -1 hunting sling (curse)
rCold    . . .     Gourm    .   (no shield)
rNeg     . . .     Faith    .   m - +0 ring mail
rPois    .         Spirit   .   (no helmet)
rElec    .         Reflect  .   (no cloak)
rCorr    .         Harm     .   (no gloves)
MR       .....                  (no barding)
Stlth    ..........             (no amulet)
HPRegen  0.20/turn              h - +2 ring of dexterity
MPRegen  0.10/turn              (no ring)

@: very quick
A: large, hooves 3, deformed body, fire resistance 1, speed 2, mutation
resistance 1, tough skin 3
a: no special abilities


You were on level 5 of the Dungeon.
You were not hungry.

You visited 1 branch of the dungeon, and saw 5 of its levels.

You collected 155 gold pieces.

Inventory:

Hand Weapons
 a - a +1 shortbow
 b - a +4 dagger of venom
 s - a cursed -1 hunting sling (weapon)
Missiles
 d - 108 arrows
 o - 34 sling bullets
 p - 21 bolts
 t - 92 stones (quivered)
Armour
 m - a +0 ring mail (worn)
Jewellery
 c - an uncursed ring of ice {unknown}
 h - a +2 ring of dexterity (left hand)
Scrolls
 e - 5 scrolls of identify
 g - a scroll of magic mapping
 r - a scroll of blinking
Potions
 k - 3 potions of haste
 n - 2 potions of flight
 q - 2 potions of mutation
Comestibles
 f - 9 rations


   Skills:
 + Level 4.9 Fighting
 + Level 8.0 Bows
 - Level 2.2 Armour
 - Level 2.0 Dodging
 - Level 0.5 Stealth


You had 6 spell levels left.
You didn't know any spells.

Dungeon Overview and Level Annotations

Branches:
Dungeon (5/15)
 Temple: D:4-7

Altars:
Hepliaklqana
Kikubaaqudgha
Vehumet
Wu Jian
Yredelemnul
The Shining One

Annotations:
D:4 tidbits's ghost, weakling GnNe


Innate Abilities, Weirdness & Mutations

You have hooves in place of feet.
Armour fits poorly on your strangely shaped body.
You cover ground very quickly.
You have extremely tough skin. (AC +3)
Your flesh is heat resistant. (rF+)
You are somewhat resistant to further mutation.


Message History

* * * LOW HITPOINT WARNING * * *
Firing (i - inventory. (,) - cycle):
t - 95 stones (quivered)
Press: ? - help, Shift-Dir - straight line, f/p - bullfrog
Aim: a bullfrog (lightly wounded)
You shoot a stone. The stone misses the bullfrog.
The bullfrog hits you.
* * * LOW HITPOINT WARNING * * *
The bullfrog hits you.
* * * LOW HITPOINT WARNING * * *
Firing (i - inventory. (,) - cycle):
t - 94 stones (quivered)
Press: ? - help, Shift-Dir - straight line, f/p - bullfrog
Aim: a bullfrog (lightly wounded)
You shoot a stone. The stone hits the bullfrog.
The bullfrog is moderately wounded.
The bullfrog hits you but does no damage.
Firing (i - inventory. (,) - cycle):
t - 93 stones (quivered)
Press: ? - help, Shift-Dir - straight line, f/p - bullfrog
Aim: a bullfrog (moderately wounded)
You shoot a stone. The stone closely misses the bullfrog.
The bullfrog hits you.
You die...

#> ##.# ## #..#
... ##..#
....####...###.
...............
...............
#.@F...(#
##....###
##..## #..# ..#
#.. ... ...#


You could see a bullfrog.

Vanquished Creatures
  Sigmund (D:2)
  A phantom (D:4)
  Jessica (D:2)
  Natasha (thrice) (D:2)
  3 worker ants (D:4)
  A howler monkey skeleton (D:4)
  3 adders
  An adder skeleton (D:4)
  A worm (D:3)
  4 dart slugs
  2 leopard geckos
  4 orcs
  3 ball pythons
  5 bats
  5 goblins
  8 hobgoblins
  16 jackals
  10 kobolds
  2 quokkas
  4 frilled lizards
  6 rats
84 creatures vanquished.

Notes
Turn   | Place    | Note
-------+----------+-------------------------------------------
     0 | D:1      | 3rdEnemy the Centaur Hunter began the quest for the Orb.
     0 | D:1      | Reached XP level 1. HP: 17/17 MP: 1/1
   163 | D:1      | Reached XP level 2. HP: 12/24 MP: 2/2
   531 | D:1      | Reached XP level 3. HP: 25/30 MP: 3/3
  1034 | D:2      | Found a basalt altar of Yredelemnul.
  1106 | D:2      | Noticed Natasha
  1131 | D:2      | Killed Natasha
  1131 | D:2      | Reached skill level 1 in Armour
  1189 | D:2      | Reached XP level 4. HP: 14/37 MP: 4/4
  1205 | D:2      | Reached skill level 6 in Bows
  1231 | D:2      | Noticed Natasha
  1233 | D:2      | Killed Natasha
  1265 | D:2      | Found a faded altar of an unknown god.
  1388 | D:2      | Noticed Jessica
  1389 | D:2      | Noticed Sigmund
  1395 | D:2      | Killed Jessica
  1395 | D:2      | Reached XP level 5. HP: 30/45 MP: 5/5
  1413 | D:2      | HP: 2/45 [something/magic dart (8)]
  1888 | D:2      | Killed Sigmund
  1888 | D:2      | Reached skill level 7 in Bows
  1888 | D:2      | Reached XP level 6. HP: 20/52 MP: 6/6
  1984 | D:2      | Noticed Natasha
  2000 | D:2      | Killed Natasha
  2051 | D:2      | Found a glowing golden altar of the Shining One.
  3762 | D:4      | Gained mutation: You are somewhat resistant to further mutation. [potion of mutation]
  3762 | D:4      | Gained mutation: Your flesh is heat resistant. (rF+) [potion of mutation]
  3767 | D:4      | Noticed tidbits's ghost (weakling GnNe)
  4404 | D:4      | Found a radiant altar of Vehumet.
  4408 | D:4      | Found an ancient bone altar of Kikubaaqudgha.
  4409 | D:4      | Found a hazy altar of Hepliaklqana.
  4409 | D:4      | Found an ornate altar of the Wu Jian Council.
  4772 | D:4      | Reached skill level 8 in Bows
  4772 | D:4      | Reached XP level 7. HP: 49/60 MP: 7/7
  4991 | D:5      | Entered Level 5 of the Dungeon
  5008 | D:5      | Slain by a bullfrog

Skill      XL: |  1  2  3  4  5  6 |
---------------+-------------------+-----
Armour         | 1 2 |  2.2
Dodging        | 2 |  2.0
Bows           | 6 7 8 |  8.0
Fighting       | 3 4 |  4.9
Stealth        | |  0.5

Action                   |  1- 3 |  4- 6 |  7- 9 || total
-------------------------+-------+-------+-------++-------
Melee: Short sword       |    85 |       |       ||    85
       Kick              |    18 |     9 |       ||    27
       Dagger            |     8 |    41 |       ||    49
 Fire: Shortbow          |    10 |    42 |       ||    52
       Hunting sling     |       |   258 |    33 ||   291
  Use: Potion            |     1 |     4 |       ||     5
       Scroll            |       |     8 |       ||     8
  Eat: Chunk             |       |     4 |       ||     4
       Ration            |       |     1 |     1 ||     2
Armor: Leather armour    |    13 |       |       ||    13
       Ring mail         |    31 |    83 |     8 ||   122
Dodge: Dodged            |    51 |    79 |    15 ||   145
